 Dungeon Crawl Stone Soup version 0.27-a0-1322-gfdffb62a71 (webtiles) character file.

Game seed: 7351852685546714961

1389 Brandom the Skirmisher (level 8, -4/65 HPs)
             Began as a Demonspawn Delver on June 22, 2021.
             Slain by a yak (11 damage)
             ... on level 6 of the Dungeon.
             The game lasted 00:13:18 (7441 turns).

Brandom the Skirmisher (Demonspawn Delver)          Turns: 7441, Time: 00:13:19

Health: -4/65      AC:  9    Str: 15    XL:     8   Next: 40%
Magic:  8/8        EV: 13    Int: 17    God:
Gold:   154        SH:  0    Dex: 15    Spells: 7/7 levels left

rFire    . . .     SeeInvis .   a - +0 falchion
rCold    . . .     Faith    .   (no shield)
rNeg     . . .     Spirit   .   b - +0 leather armour
rPois    .         Reflect  .   y - +1 helmet
rElec    .         Harm     .   (no cloak)
rCorr    .         Rampage  .   j - +0 pair of gloves
Will     .....                  (no boots)
Stlth    +++.......             (no amulet)
HPRegen  0.20/turn              o - +6 ring of intelligence
MPRegen  0.11/turn              (no ring)

@: no status effects
A: hooves 2, thin metallic scales 2, foul stench 2
a: no special abilities


You were on level 6 of the Dungeon.
You visited 2 branches of the dungeon, and saw 7 of its levels.

You collected 154 gold pieces.

Inventory:

Hand Weapons
 a - a +0 falchion (weapon)
Armour
 b - a +0 leather armour (worn)
 j - a +0 pair of gloves (worn)
   (You found it on level 5 of the Dungeon)
 w - a +1 hat
   (You found it on level 3 of the Dungeon)
 y - a +1 helmet (worn)
   (You took it off Robin on level 4 of the Dungeon)
Jewellery
 o - a +6 ring of intelligence (left hand)
   (You found it on level 2 of the Dungeon)
Wands
 d - a wand of iceblast (7)
   (You found it on level 5 of the Dungeon)
 v - a wand of digging (3)
Scrolls
 c - a scroll of fog
 e - a scroll of fear
 g - 2 scrolls of magic mapping
 h - 2 scrolls of teleportation {unknown}
 k - 2 scrolls of vulnerability {unknown}
 n - 5 scrolls of identify {unknown}
 r - a scroll of brand weapon {unknown}
 s - a scroll of enchant weapon {unknown}
 t - a scroll of amnesia {unknown}
 x - a scroll of holy word {unknown}
Potions
 f - 3 potions of haste {@q3}
 i - 4 potions of attraction {unknown}
 l - a potion of berserk rage {unknown}
 m - a potion of flight {unknown}
 p - a potion of heal wounds {@q2}
 q - 2 potions of degeneration {unknown}
 u - 3 potions of curing {unknown}


   Skills:
 * Level 6.6 Fighting
 * Level 5.7 Long Blades
 + Level 3.5 Armour
 + Level 4.2 Dodging
 - Level 4.5 Stealth


You had 7 spell levels left.
You didn't know any spells.
Your spell library was empty.

Dungeon Overview and Level Annotations

Branches:
Dungeon (6/15)             Temple (1/1) D:5

Altars:
Ashenzari
Elyvilon
Fedhas
Gozag
Kikubaaqudgha
Ru
Sif Muna
Trog
Vehumet
Wu Jian
Xom
Zin
Lugonu

Shops:
D:3 [


Innate Abilities, Weirdness & Mutations

You have hoof-like feet.
You are mostly covered in thin metallic scales. (AC +3)
You sometimes emit foul miasma when damaged in melee.


Message History

No target in view!
No target in view! 2 yaks come into view.
The yak bellows!
You hear a bellow!
You hear a shout!
A yak comes into view.
You hit the yak. The yak closely misses you.
You hit the yak. The yak barely misses you.
You hit the yak. You hit the yak. You kick the yak.
You hit the yak but do no damage. The yak completely misses you.
You hit the yak. The yak gores you but does no damage. The yak gores you.
You emit a cloud of foul miasma!
You barely miss the yak. Your kick misses the yak.
A bullfrog comes into view.
The yak closely misses you.
The yak is engulfed in dark miasma.
The yak is poisoned.
The yak gores you but does no damage.
The bullfrog croaks.
You hit the yak but do no damage.
The yak is engulfed in dark miasma.
The yak looks even sicker.
The yak barely misses you.
You riposte.
You hit the yak but do no damage.
A phantom comes into view.
You hit the yak but do no damage. Your kick misses the yak.
The yak is engulfed in dark miasma.
The yak looks even sicker.
The yak seems to slow down.
The yak gores you but does no damage. The yak closely misses you.
The yak gores you!
You closely miss the yak. You kick the yak. The yak completely misses you.
You riposte.
You barely miss the yak. The yak gores you but does no damage.
An iguana comes into view.
The iguana hisses angrily.
You hit the yak. You kick the yak.
The yak is engulfed in dark miasma.
The yak looks as sick as possible!
You kill the yak!
The yak gores you but does no damage. The yak gores you!
You emit a cloud of foul miasma!
You hit the yak. You kick the yak, but do no damage. The yak misses you.
The yak is engulfed in dark miasma.
The yak is poisoned.
The yak seems to slow down.
The yak gores you.
You hit the yak. You kick the yak. The yak gores you!
* * * LOW HITPOINT WARNING * * *
The yak is engulfed in dark miasma.
The yak looks even sicker.
The yak closely misses you.
You riposte.
You hit the yak. You kick the yak, but do no damage.
You hit the yak but do no damage. You kick the yak. The yak gores you!
* * * LOW HITPOINT WARNING * * *
Unknown command.
You hit the yak. You kick the yak. The yak gores you!
* * * LOW HITPOINT WARNING * * *
You hit the yak. You kick the yak. The yak gores you but does no damage.
You hit the yak but do no damage. You kick the yak. The yak gores you!
You die...

....... ....
...#.#. .#.
..... ..
#.#.#F #.†°##
#.l## ##WY#
##Y# #@#
#######.###
#.........#
#.....<...#
#......†..#
#.........#
...........#
.#..........#
#..........#


You could see 2 yaks, a phantom and an iguana.

Vanquished Creatures
  Sigmund (D:3)
  A yak (D:6)
  Menkaure (D:5)
  2 ogres
  A phantom (D:5)
  A scorpion (D:6)
  A water moccasin zombie (D:5)
  An orc priest (D:5)
  3 hounds
  2 jellies
  An iguana (D:5)
  Natasha (thrice) (D:4)
  3 orc wizards
  A hound skeleton (D:5)
  Robin (D:4)
  6 adders
  6 gnolls
  A shadow imp (D:5)
  An ufetubus (D:4)
  A worm (D:5)
  2 dart slugs
  5 orcs
  10 endoplasms
  A giant cockroach (D:2)
  14 goblins
  4 hobgoblins
  3 jackals (D:2)
  7 quokkas
  8 ball pythons
  4 bats
  5 kobolds
  5 rats
106 creatures vanquished.

Notes
Turn   | Place    | Note
-------+----------+-------------------------------------------
     0 | D:5      | Brandom the Demonspawn Delver began the quest for the Orb.
     0 | D:5      | Reached XP level 1. HP: 18/18 MP: 1/1
    19 | D:5      | Gained mutation: You have large cloven feet. [demonic
                  | ancestry]
    19 | D:5      | Reached XP level 2. HP: 24/24 MP: 2/2
   176 | D:4      | Found an ancient bone altar of Kikubaaqudgha.
   181 | D:4      | Gained mutation: You are partially covered in thin metallic
                  | scales. (AC +2) [demonic ancestry]
   181 | D:4      | Reached XP level 3. HP: 28/29 MP: 3/3
   194 | D:4      | Noticed Natasha
   231 | D:4      | Noticed Robin
   424 | D:3      | Found Ulociug's Antique Armour Shoppe.
   771 | D:1      | Found a faded altar of an unknown god.
   832 | D:1      | Reached skill level 1 in Armour
  1256 | D:1      | Gained mutation: You may rarely emit foul miasma when
                  | damaged in melee. [demonic ancestry]
  1256 | D:1      | Reached XP level 4. HP: 37/37 MP: 4/4
  1993 | D:3      | Reached skill level 4 in Fighting
  2310 | D:3      | Gained mutation: You have hoof-like feet. [demonic
                  | ancestry]
  2310 | D:3      | Reached XP level 5. HP: 42/42 MP: 5/5
  2378 | D:3      | Noticed an ice beast
  2741 | D:3      | Found an opulent altar of Gozag.
  2743 | D:3      | Noticed Sigmund
  2754 | D:3      | Killed Sigmund
  2755 | D:3      | Reached XP level 6. HP: 45/49 MP: 6/6
  2912 | D:3      | Found a sacrificial altar of Ru.
  3210 | D:4      | Reached skill level 5 in Fighting
  3561 | D:4      | Killed Robin
  3680 | D:4      | Killed Natasha
  3681 | D:4      | Gained mutation: You are mostly covered in thin metallic
                  | scales. (AC +3) [demonic ancestry]
  3681 | D:4      | Reached XP level 7. HP: 39/56 MP: 7/7
  3986 | D:4      | Noticed Natasha
  3996 | D:4      | Killed Natasha
  4119 | D:4      | Noticed Natasha
  4123 | D:4      | Found an ancient bone altar of Kikubaaqudgha.
  4551 | D:4      | Found an ancient bone altar of Kikubaaqudgha.
  4793 | D:4      | Killed Natasha
  5836 | D:5      | Found a shimmering blue altar of Sif Muna.
  6237 | D:5      | Noticed Menkaure
  6246 | D:5      | Killed Menkaure
  6247 | D:5      | Reached skill level 5 in Long Blades
  6597 | D:5      | Found a staircase to the Ecumenical Temple.
  6606 | D:5      | Reached skill level 6 in Fighting
  6611 | Temple   | Entered the Ecumenical Temple
  6705 | D:5      | Gained mutation: You sometimes emit foul miasma when
                  | damaged in melee. [demonic ancestry]
  6705 | D:5      | Reached XP level 8. HP: 18/64 MP: 8/8
  6710 | D:5      | HP: 3/64 [poisoned by an orc wizard]
  6713 | D:5      | HP: 1/64 [poisoned by an orc wizard]
  7441 | D:6      | Slain by a yak

Illustrated notes

Levels and vault maps discovered:
D:1:      dpeg_arrival_round_a, layout_basic,
          hellmonk_ecumenical_altar_leap_of_faith
D:2:      layout_basic
D:3:      layout_loops_cross, nicolae_ru_path_of_blood,
          nicolae_gozag_seed_capital, serial_shops, nicolae_shop_trees,
          uniq_sigmund
D:4:      layout_basic, nicolae_overflow_crystal_walls, hex_intersection,
          minmay_ogre_servants, uniq_natasha, uniq_robin
D:5:      layout_gridville, nicolae_sif_muna_condensation,
          vehumet_altar_wand_db, minmay_temple_entry_proselytizer, uniq_menkaure
D:6:      layout_rooms, nicolae_qazlal_scattered_showers, st_stairs_12,
          chequers_arboretum, uniq_duvessa
Temple:   corrupted_temple

Skill      XL: |  1  2  3  4  5  6  7  8 |
---------------+-------------------------+-----
Long Blades    | 2 3 4 5 |  5.7
Dodging        | 2 3 4 |  4.2
Armour         | 1 2 3 |  3.5
Fighting       | 4 5 6 |  6.6
Stealth        | |  4.5

Action                   |  1- 3 |  4- 6 |  7- 9 || total
-------------------------+-------+-------+-------++-------
Melee: Falchion          |    80 |   128 |   162 ||   370
       Kick              |    21 |    47 |    56 ||   124
Evoke: Wand              |       |     1 |     3 ||     4
 Stab: Sleeping          |    14 |     6 |     2 ||    22
       Distracted        |       |     2 |       ||     2
Armor: Leather armour    |    29 |    39 |    67 ||   135
Dodge: Dodged            |    64 |    74 |    99 ||   237
       Rpst.: Falchion   |    20 |    30 |    21 ||    71

Table legend: (Time is in decaauts)
 A = Elapsed time spent in this place.
 B = Non-inter-level travel time spent in this place.
 C = Inter-level travel time spent in this place.
 D = Time resting spent in this place.
 E = Time spent auto-exploring this place.
 F = Levels seen in this place.
 G = Mean time per level.
                   A        B        C        D        E       F      G
               +--------+--------+--------+--------+--------+-----+--------+
         Total |   7491 |   7316 |    175 |    602 |   5581 |   7 | 1070.1 |
       Dungeon |   7424 |   7249 |    175 |    602 |   5537 |   6 | 1237.3 |
        Temple |     66 |     66 |      0 |      0 |     44 |   1 |   66.0 |
               +--------+--------+--------+--------+--------+-----+--------+

Top non-repeatable levels by time:
     D:4: 2503 daAuts
     D:5: 1993 daAuts
     D:2: 1091 daAuts
     D:3: 1049 daAuts
     D:1: 614 daAuts
     D:6: 173 daAuts
  Temple: 66 daAuts
